 Dungeon Sprint DCSS version 0.28.0-43-g3370ac3207 (webtiles) character file.

Game seed: 9597626139013084509

6801 boopmooplesden the Severer (level 10, -6/111 HPs)
             Began as a Minotaur Berserker on Mar 9, 2022.
             Was the Champion of Trog.
             Shot with a bolt by a yaktaur captain (17 damage)
             ... in the Dungeon (Sprint II: "The Violet Keep of Menkaure").
             The game lasted 00:04:34 (2434 turns).

boopmooplesden the Severer (Minotaur Berserker)     Turns: 2434, Time: 00:04:35

Health: -6/111     AC:  0    Str: 26    XL:     10   Next: 76%
Magic:  9/9        EV: 17    Int:  4    God:    Trog [******]
Gold:   692        SH:  0    Dex: 10    Spells: 9/9 levels left

rFire   . . .      SeeInvis .   (weapon currently unavailable)
rCold   . . .      Faith    .   (shield currently unavailable)
rNeg    . . .      Spirit   .   (armour currently unavailable)
rPois   .          Reflect  .   (helmet currently unavailable)
rElec   .          Harm     .   (cloak currently unavailable)
rCorr   .          Rampage  .   (gloves currently unavailable)
Will    .....      NoTele   +   (boots currently unavailable)
Stlth   ++........              (no amulet)
HPRegen 0.28/turn               (ring currently unavailable)
MPRegen 0.11/turn               (ring currently unavailable)

@: pig-form, on berserk cooldown, slowed, very slow
A: fast, no casting, small, (horns 2), (retaliatory headbutt)
a: Renounce Religion, Berserk, Trog's Hand, Brothers in Arms


You were in the Dungeon.
You worshipped Trog.
Trog was exalted by your worship.
You were a filthy swine.
You visited 1 branch You collected 1239 gold pieces.
You spent 547 gold pieces at shops.

Inventory:

Hand Weapons
 a - a +0 hand axe
 i - a +4 vorpal battleaxe (melded)
 m - a +1 executioner's axe
 o - a +1 hand axe of venom
 p - a +1 war axe
Armour
 b - a +0 animal skin
 j - a +4 ring mail of fire resistance (melded)
 k - a scarf of invisibility (melded)
Jewellery
 n - an amulet of magic regeneration
Scrolls
 h - 2 scrolls of blinking
Potions
 c - 5 potions of curing
 d - 2 potions of heal wounds
 e - 3 potions of haste
 f - 5 potions of magic
 g - a potion of berserk rage
 l - 2 potions of ambrosia {unknown}
 q - 3 potions of flight
 r - a potion of mutation {unknown}
 s - 3 potions of resistance
 v - 2 potions of brilliance


   Skills:
 + Level 17.5 Fighting
 + Level 19.8 Axes
 + Level 9.7 Armour
 + Level 9.8 Dodging
 + Level 6.1 Stealth
 + Level 2.9 Evocations


You had 9 spell levels left.
You didn't know any spells.
Your spell library was empty.

Dungeon Overview and Level Annotations

Branches:
Dungeon (1/1)

Altars:
Cheibriados
Dithmenos
Elyvilon
Fedhas
Gozag
Hepliaklqana
Kikubaaqudgha
Makhleb
Nemelex Xobeh
Okawaru
Qazlal
Ru
Sif Muna
Trog
Uskayaw
Vehumet
Wu Jian
Xom
Yredelemnul
Zin
The Shining One
Beogh
Jiyva
Lugonu

Shops:
D ?:=(**?[:?!=*[!

Annotations:
D exclusions: ice statue and oklob plant, Kirke, Roxanne


Innate Abilities, Weirdness & Mutations

You are a filthy swine.
You move quickly.
Your equipment is almost entirely melded.
You are incapable of wielding weapons or throwing items.
You cannot cast spells.
((You have a pair of horns on your head.))
((You reflexively headbutt those who attack you in melee.))


Message History

You feel a strong urge to attack something.
You are no longer berserk.
You are exhausted.
You feel yourself slow down.
There is an open door here.
There is a staircase leading out of the dungeon here.
Kirke casts a spell.
Kirke summons a manticore!
There is an open door here.
Your transformation is almost over.
There is an open door here.
You are engulfed in a cloud of scalding steam.
Kirke casts a spell.
Nothing appears to happen.
Kirke casts a spell at you.
You barely resist.
The lindwurm roars!
You feel less porcine.
Your +4 vorpal battleaxe unmelds from your body.
Your scarf of invisibility unmelds from your body.
Your +4 ring mail of fire resistance unmelds from your body.
You become transparent for a moment.
You feel resistant to fire.
You enter the shallow water.
Moving in this stuff is going to be slow.
Kirke casts a spell at you.
You turn into a filthy swine.
Your +4 vorpal battleaxe melds into your body.
Your scarf of invisibility melds into your body.
Your +4 ring mail of fire resistance melds into your body.
You feel less resistant to fire.
The yaktaur captain is engulfed in a cloud of scalding steam.
The yaktaur captain wields a +0 arbalest.
The yaktaur captain shoots a bolt.
The bolt hits you!
The yaktaur captain is engulfed in a cloud of scalding steam.
The yaktaur captain shoots a bolt.
The bolt hits you!!
* * * LOW HITPOINT WARNING * * *
Kirke is engulfed in a cloud of scalding steam.
The lindwurm is engulfed in a cloud of scalding steam.
The yaktaur captain shoots a bolt.
The bolt hits you!
You die...

#..# #^ #||▓......[(▓▓ ##.####
+.##.#}:▓.....(.)▓▓ .# ...#
...####▓(.......▓▓ ####..##
#..##.#▓[.(....(▓▓ ##.##..#
+..#..#▓.[[)[.).▓▓ #c.##..#
#^.#).#▓..((..).▓▓
'##.'..####..##.#▓.(.[.(:.▓▓
#@.##....###@..##▓▓▓▓▓▓▓'▓▓▓▓+▓
##.##.....§k≈≈≈≈h≈≈§§≈≈≈...≈≈≈▓
####≈≈...§c≈#+########'###.≈≈≈▓
.#≈≈≈≈≈≈≈.§≈#_._._...#§§§##≈≈≈▓
##≈≈≈≈≈§§≈§≈#._._._._#≈≈≈§####▓
#≈≈≈≈§≈≈≈§≈≈#_._._._.#≈≈≈§≈##
≈≈≈≈≈≈≈≈≈≈≈≈#._._._._#≈§≈§§§#
++#§§≈≈§§≈≈≈#.._._._.#≈≈§§≈≈+ .
##≈≈≈###§≈#..._._._#≈≈§§≈§# °..
#§≈#...._._.#≈≈≈§≈≈▓


You could see Kirke, a yaktaur captain and a lindwurm (summoned).

Vanquished Creatures
  A kraken (D)
  2 boulder beetles (D)
  A merfolk siren (D)
  A yaktaur (D)
  A hornet (D)
  3 polar bears (D)
  A blink frog (D)
  12 flying skulls (D)
  Menkaure (D)
  4 water moccasins (D)
  4 necrophages (D)
  4 scorpions (D)
  7 tentacles (D)
42 creatures vanquished.

Vanquished Creatures (others)
  14 tentacles (D)
14 creatures vanquished.

Grand Total: 56 creatures vanquished

Notes
Turn   | Place    | Note
-------+----------+-------------------------------------------
     0 | D        | boopmooplesden the Minotaur Berserker began the quest for
                  | the Orb.
     0 | D        | Reached XP level 1. HP: 19/19 MP: 0/0
     1 | D        | Noticed a necrophage
     1 | D        | Noticed a necrophage
     1 | D        | Noticed a necrophage
     1 | D        | Noticed a necrophage
     6 | D        | Killed a necrophage
     7 | D        | Reached skill level 7 in Axes
     7 | D        | Reached XP level 2. HP: 34/34 MP: 1/1
     7 | D        | Reached XP level 3. HP: 39/39 MP: 2/2
     7 | D        | Reached XP level 4. HP: 47/47 MP: 3/3
    10 | D        | Killed a necrophage
    11 | D        | Reached skill level 9 in Axes
    11 | D        | Reached XP level 5. HP: 56/56 MP: 4/4
    18 | D        | Killed a necrophage
    18 | D        | Reached ** piety under Trog
    19 | D        | Reached skill level 10 in Axes
    25 | D        | Killed a necrophage
    26 | D        | Reached skill level 10 in Fighting
    26 | D        | Reached skill level 11 in Axes
    26 | D        | Reached skill level 5 in Armour
    26 | D        | Reached skill level 5 in Dodging
    26 | D        | Reached XP level 6. HP: 32/67 MP: 5/5
   194 | D        | Reached *** piety under Trog
   195 | D        | Reached skill level 12 in Axes
   199 | D        | Reached XP level 7. HP: 77/77 MP: 6/6
   345 | D        | Noticed a merfolk siren
   354 | D        | Killed a merfolk siren
   355 | D        | Reached skill level 13 in Axes
   392 | D        | Noticed a boulder beetle
   392 | D        | Noticed a boulder beetle
   399 | D        | Noticed an ice statue
   409 | D        | Found Zibacvau's Antique Armour Shop.
   409 | D        | Found Tiegefea's General Store.
   409 | D        | Found Sopt's Distillery.
   410 | D        | Found Bizxadoogh's Distillery.
   410 | D        | Found Uman's Magic Scroll Boutique.
   410 | D        | Found Pona's Book Shop.
   410 | D        | Found Culukhuh's Jewellery Shop.
   411 | D        | Found Caqir's Magic Scroll Boutique.
   411 | D        | Found Ucecw's General Store.
   411 | D        | Found Cuh Hue's Antique Armour Boutique.
   413 | D        | Found Denga's General Store.
   414 | D        | Noticed Menkaure
   432 | D        | Killed Menkaure
   432 | D        | Reached **** piety under Trog
   433 | D        | Reached skill level 14 in Axes
   433 | D        | Reached XP level 8. HP: 19/86 MP: 7/7
   462 | D        | Found Vitz's Antique Weapon Boutique.
   462 | D        | Found Looshrisa's Jewellery Shop.
   462 | D        | Noticed an oklob plant
   463 | D        | Found Dashroj's Magic Scroll Boutique.
   463 | D        | Found Ilaeg's Book Shoppe.
   716 | D        | Noticed a great orb of eyes
   717 | D        | Noticed a cane toad
   719 | D        | Noticed a cane toad
   720 | D        | Bought a glowing battleaxe for 247 gold pieces
   739 | D        | Bought a shiny ring mail for 140 gold pieces
   749 | D        | Bought a runed scarf for 160 gold pieces
   772 | D        | Killed a boulder beetle
   773 | D        | Reached skill level 15 in Axes
   773 | D        | Reached skill level 1 in Evocations
   775 | D        | Killed a boulder beetle
   776 | D        | Reached skill level 15 in Fighting
   776 | D        | Reached skill level 16 in Axes
   776 | D        | Reached XP level 9. HP: 68/97 MP: 6/8
   994 | D        | Found an iron altar of Okawaru.
   994 | D        | Found an opulent altar of Gozag.
   995 | D        | Found a sparkling altar of Nemelex Xobeh.
   995 | D        | Found a blossoming altar of Fedhas.
   996 | D        | Found a radiant altar of Vehumet.
   996 | D        | Found a burning altar of Makhleb.
   996 | D        | Found a white marble altar of Elyvilon.
   997 | D        | Found a hide-covered altar of Uskayaw.
   997 | D        | Found a corrupted altar of Lugonu.
   997 | D        | Found a shadowy altar of Dithmenos.
   998 | D        | Found a glowing silver altar of Zin.
   998 | D        | Found a bloodstained altar of Trog.
   998 | D        | Found an ancient bone altar of Kikubaaqudgha.
   999 | D        | Found a basalt altar of Yredelemnul.
   999 | D        | Found a shimmering blue altar of Sif Muna.
   999 | D        | Found a viscous altar of Jiyva.
  1000 | D        | Found a shimmering altar of Xom.
  1000 | D        | Found a sacrificial altar of Ru.
  1001 | D        | Found a glowing golden altar of the Shining One.
  1001 | D        | Found an ornate altar of the Wu Jian Council.
  1002 | D        | Noticed a yaktaur
  1002 | D        | Noticed a polar bear
  1002 | D        | Noticed a polar bear
  1002 | D        | Noticed a polar bear
  1005 | D        | Killed a polar bear
  1008 | D        | Reached ***** piety under Trog
  1009 | D        | Reached skill level 17 in Axes
  1011 | D        | Killed a yaktaur
  1013 | D        | Killed a polar bear
  1016 | D        | Killed a polar bear
  1017 | D        | Reached skill level 5 in Stealth
  1067 | D        | Found a stormy altar of Qazlal.
  1073 | D        | Noticed a kraken
  1834 | D        | Killed a kraken
  1835 | D        | Reached skill level 18 in Axes
  1835 | D        | Reached XP level 10. HP: 110/110 MP: 9/9
  1900 | D        | Found a hazy altar of Hepliaklqana.
  1900 | D        | Found a snail-covered altar of Cheibriados.
  1934 | D        | Reached ****** piety under Trog
  1938 | D        | Reached skill level 19 in Axes
  1943 | D        | Received a gift from Trog
  1989 | D        | Received a gift from Trog
  2381 | D        | Identified Roxanne's Collected Works on Changing
  2381 | D        | Noticed Roxanne
  2384 | D        | Noticed Kirke
  2384 | D        | Noticed a skeletal warrior
  2388 | D        | Noticed a centaur warrior
  2403 | D        | Noticed a yaktaur captain
  2408 | D        | Noticed a sphinx
  2418 | D        | Noticed a manticore
  2425 | D        | Noticed a lindwurm
  2434 | D        | Shot with a bolt by a yaktaur captain

Illustrated notes

Levels and vault maps discovered:
D:        the_violet_keep_of_menkaure [sprint2_stairs_cluster_1,
          sprint2_shoproom, sprint2_temple, sprint2_basic_supplies,
          sprint2_obstacle_2, sprint2_obstacle_1, sprint2_obstacle_6,
          sprint2_obstacle_7, sprint2_obstacle_3, sprint2_timed_cluster_1,
          sprint2_smallroom_cluster_1, sprint2_smallroom_final_cluster_1,
          sprint2_transparent_cluster_1, sprint2_second_timed_cluster_1,
          sprint2_sniper_area_1, sprint2_heavy_combat_area_1,
          sprint2_mutation_trap_area_1, sprint2_forest_area_1,
          sprint2_light_combat_area_1, sprint2_behind_water_1,
          sprint2_near_end_vault_1]

Skill      XL: |  1  2  3  4  5  6  7  8  9 10 |
---------------+-------------------------------+-----
Fighting       | 7 8 10 12 13 15 16 17 | 17.5
Axes           | 7 9 11 12 14 16 18 19 | 19.8
Armour         | 3 4 5 6 8 9 |  9.7
Dodging        | 3 4 5 6 7 9 |  9.8
Stealth        | 3 5 6 |  6.1
Evocations     | 1 2 |  2.9

Action                   |  1- 3 |  4- 6 |  7- 9 | 10-12 || total
-------------------------+-------+-------+-------+-------++-------
Melee: Hand axe          |     4 |    27 |    18 |       ||    49
       Headbutt          |       |     7 |    13 |     5 ||    25
       Punch             |       |     1 |       |       ||     1
       Battleaxe         |       |       |    56 |    72 ||   128
       Unarmed           |       |       |       |     5 ||     5
Invok: Berserk           |     1 |     1 |     5 |     2 ||     9
 Abil: Evoke Invisibilit |       |       |     1 |       ||     1
  Use: Scroll            |       |       |     8 |       ||     8
 Stab: Invisible         |       |       |     3 |       ||     3
Armor: Animal skin       |     1 |     1 |     1 |       ||     3
       Ring mail         |       |       |    15 |    18 ||    33
Dodge: Dodged            |     2 |     8 |    43 |    49 ||   102
